3A
IDAHO FALLS CHUKARS @ CONNETQUOT CHIEFS
05/29/2027
 
TOP OF THE 1ST
Idaho Falls Chukars batting - Pitching for Connetquot Chiefs : RHP Fernando Júlio
Pitching: RHP Fernando Júlio
Batting: RHB Alejandro Herrera 0-0: Ball
1-0: Called Strike
1-1: Ball
2-1: Foul Ball, location: 2F
2-2: Hit by Pitch
Batting: LHB Fa-tang Wang 0-0: Ball
1-0: Called Strike
Alejandro Herrera steals 2nd base
1-1: Ground out 4-3 (Groundball, 4)
Alejandro Herrera to third
Batting: SHB Félix Medina 0-0: Ball
1-0: Foul Ball, location: 2F
1-1: SINGLE (Flyball, 8LS)
Alejandro Herrera scores
Batting: SHB Jorge Colón 0-0: Called Strike
Félix Medina steals 2nd base
0-1: Ball
1-1: Foul Ball, location: 2F
1-2: Foul Ball, location: 2F
1-2: Fly out, F6 (Flyball, 6D)
Batting: SHB Shiki Sanu 0-0: Fly out, F7 (Flyball, 78M)
Top of the 1st over - 1 run(s), 1 hit(s), 0 error(s), 1 left on base; Idaho Falls 1 - Connetquot 0
BOTTOM OF THE 1ST
Connetquot Chiefs batting - Pitching for Idaho Falls Chukars : RHP Barney Starr
Pitching: RHP Barney Starr
Batting: RHB Felipe Córdova 0-0: Ball
1-0: Reached on error, E6 (Groundball, 6)
Batting: LHB Roberto Valle 0-0: Ball
1-0: Foul Ball, location: 2F
1-1: Foul Ball, location: 2F
1-2: Strikes out swinging
Batting: RHB Rob McGinnity 0-0: Ball
Felipe Córdova steals 2nd base
1-0: Foul Ball, location: 2F
1-1: Called Strike
1-2: Foul Ball, location: 2F
1-2: Foul Ball, location: 2F
1-2: Foul Ball, location: 2F
1-2: Foul Ball, location: 2F
1-2: Ground out 5-3 (Groundball, 56)
Batting: LHB Denis Jerningham 0-0: Called Strike
0-1: Foul Ball, location: 2F
0-2: Foul Ball, location: 2F
0-2: Strikes out swinging
Bottom of the 1st over - 0 run(s), 0 hit(s), 1 error(s), 1 left on base; Idaho Falls 1 - Connetquot 0
TOP OF THE 2ND
Idaho Falls Chukars batting - Pitching for Connetquot Chiefs : RHP Fernando Júlio
Batting: RHB Ilkka Haapajarvi 0-0: Ball
1-0: Ball
2-0: Foul Ball, location: 2F
2-1: Foul Ball, location: 2F
2-2: Strikes out looking
Batting: RHB Spencer Lyng 0-0: Called Strike
0-1: Called Strike
0-2: Foul Ball, location: 2F
0-2: Ball
1-2: Foul Ball, location: 2F
1-2: Strikes out swinging
Batting: LHB Jérôme Masson 0-0: SINGLE (Groundball, 4MD)
Batting: SHB Jesús Román 0-0: Fielders Choice at 2nd, 6-4 (Groundball, 6)
Top of the 2nd over - 0 run(s), 1 hit(s), 0 error(s), 0 left on base; Idaho Falls 1 - Connetquot 0
BOTTOM OF THE 2ND
Connetquot Chiefs batting - Pitching for Idaho Falls Chukars : RHP Barney Starr
Batting: RHB Alfredo Escalante 0-0: Called Strike
0-1: Ball
1-1: Called Strike
1-2: Ball
2-2: Ball
3-2: Base on Balls
Batting: RHB Júlio Flores 0-0: Ball
1-0: Ball
2-0: Fly out, F7 (Flyball, 78M)
Batting: RHB Peter Geib 0-0: Ball
1-0: Called Strike
Throwing error on steal attempt, E2
Alfredo Escalante to third
1-1: Ball
2-1: Foul Ball, location: 2F
2-2: Strikes out swinging
Batting: RHB Gioacchino Basaglia 0-0: Ball
1-0: Called Strike
1-1: Foul Ball, location: 2F
1-2: Strikes out swinging
Bottom of the 2nd over - 0 run(s), 0 hit(s), 1 error(s), 1 left on base; Idaho Falls 1 - Connetquot 0
TOP OF THE 3RD
Idaho Falls Chukars batting - Pitching for Connetquot Chiefs : RHP Fernando Júlio
Batting: RHB Alejandro Herrera 0-0: Ground out 6-3 (Groundball, 6)
Batting: LHB Fa-tang Wang 0-0: Ground out 1-3 (Groundball, 13S)
Batting: SHB Félix Medina 0-0: Ball
1-0: Fly out, F7 (Flyball, 7LSF)
Top of the 3rd over - 0 run(s), 0 hit(s), 0 error(s), 0 left on base; Idaho Falls 1 - Connetquot 0
BOTTOM OF THE 3RD
Connetquot Chiefs batting - Pitching for Idaho Falls Chukars : RHP Barney Starr
Batting: RHB Jim Unknown 0-0: Called Strike
0-1: Foul Ball, location: 2F
0-2: Foul Ball, location: 2F
0-2: Foul Ball, location: 2F
0-2: Foul Ball, location: 2F
0-2: Ball
1-2: Strikes out swinging, 2-3 out at first.
Batting: RHB Felipe Córdova 0-0: Called Strike
0-1: Ball
1-1: Foul Ball, location: 2F
1-2: Ball
2-2: Strikes out swinging
Batting: LHB Roberto Valle 0-0: Foul Ball, location: 2F
0-1: Swinging Strike
0-2: Ball
1-2: Ball
2-2: Ball
3-2: Foul Ball, location: 2F
3-2: Strikes out swinging
Bottom of the 3rd over - 0 run(s), 0 hit(s), 0 error(s), 0 left on base; Idaho Falls 1 - Connetquot 0
TOP OF THE 4TH
Idaho Falls Chukars batting - Pitching for Connetquot Chiefs : RHP Fernando Júlio
Batting: SHB Jorge Colón 0-0: Ground out 3-1 (Groundball, 34)
Batting: SHB Shiki Sanu 0-0: Ball
1-0: Called Strike
1-1: Ball
2-1: Ball
3-1: Base on Balls
Batting: RHB Ilkka Haapajarvi 0-0: Ball
1-0: Ball
2-0: Called Strike
2-1: Foul Ball, location: 2F
2-2: Ball
3-2: Grounds into double play, 6-4-3 (Groundball, 6)
Top of the 4th over - 0 run(s), 0 hit(s), 0 error(s), 0 left on base; Idaho Falls 1 - Connetquot 0
BOTTOM OF THE 4TH
Connetquot Chiefs batting - Pitching for Idaho Falls Chukars : RHP Barney Starr
Batting: RHB Rob McGinnity 0-0: Swinging Strike
0-1: Ground out U3 (Groundball, 34)
Batting: LHB Denis Jerningham 0-0: Fly out, F7 (Flyball, 7)
Batting: RHB Alfredo Escalante 0-0: Ball
1-0: Ball
2-0: Fly out, F9 (Flyball, 89M)
Bottom of the 4th over - 0 run(s), 0 hit(s), 0 error(s), 0 left on base; Idaho Falls 1 - Connetquot 0
TOP OF THE 5TH
Idaho Falls Chukars batting - Pitching for Connetquot Chiefs : RHP Fernando Júlio
Batting: RHB Spencer Lyng 0-0: Called Strike
0-1: Ground out 6-3 (Groundball, 56)
Batting: LHB Jérôme Masson 0-0: Ball
1-0: Ball
2-0: DOUBLE (Flyball, 7LM)
Batting: SHB Jesús Román 0-0: Fly out, F4 (Line Drive, 4)
Batting: RHB Alejandro Herrera 0-0: Ball
1-0: Called Strike
1-1: Foul Ball, location: 2F
1-2: Ground out 6-3 (Groundball, 6S)
Top of the 5th over - 0 run(s), 1 hit(s), 0 error(s), 1 left on base; Idaho Falls 1 - Connetquot 0
BOTTOM OF THE 5TH
Connetquot Chiefs batting - Pitching for Idaho Falls Chukars : RHP Barney Starr
Batting: RHB Júlio Flores 0-0: Ball
1-0: Foul Ball, location: 2F
1-1: Ground out 6-3 (Groundball, 6)
Batting: RHB Peter Geib 0-0: Ground out 4-3 (Groundball, 4)
Batting: RHB Gioacchino Basaglia 0-0: Ball
1-0: Ball
2-0: Called Strike
2-1: Foul Ball, location: 2F
2-2: Strikes out swinging, 2-3 out at first.
Bottom of the 5th over - 0 run(s), 0 hit(s), 0 error(s), 0 left on base; Idaho Falls 1 - Connetquot 0
TOP OF THE 6TH
Idaho Falls Chukars batting - Pitching for Connetquot Chiefs : RHP Fernando Júlio
Batting: LHB Fa-tang Wang 0-0: Foul Ball, location: 2F
0-1: Ball
1-1: Ball
2-1: Ball
3-1: Swinging Strike
3-2: Base on Balls
Batting: SHB Félix Medina 0-0: Called Strike
0-1: Ball
1-1: Ball
2-1: Foul Ball, location: 2F
2-2: Ball
3-2: SINGLE (Line Drive, 56D)
Fa-tang Wang to second
Batting: SHB Jorge Colón 0-0: Called Strike
Fa-tang Wang steals 3rd base
Félix Medina to second
0-1: Ground out 6-3 (Groundball, 6)
Batting: SHB Shiki Sanu 0-0: Intentional Walk
Batting: RHB Ilkka Haapajarvi 0-0: Called Strike
0-1: Ball
1-1: Fly out, F8 (Flyball, 8RM)
Runner from 3rd tags up, SCORES, no throw
Batting: RHB Spencer Lyng 0-0: Ball
Shiki Sanu is caught stealing 2nd base
Top of the 6th over - 1 run(s), 1 hit(s), 0 error(s), 0 left on base; Idaho Falls 2 - Connetquot 0
BOTTOM OF THE 6TH
Connetquot Chiefs batting - Pitching for Idaho Falls Chukars : RHP Barney Starr
Batting: RHB Jim Unknown 0-0: Swinging Strike
0-1: Foul Ball, location: 2F
0-2: Strikes out swinging
Batting: RHB Felipe Córdova 0-0: Ball
1-0: Ball
2-0: Called Strike
2-1: Foul Ball, location: 2F
2-2: Strikes out swinging
Batting: LHB Roberto Valle 0-0: Called Strike
0-1: Fly out, F2 (Popup, 3S)
Bottom of the 6th over - 0 run(s), 0 hit(s), 0 error(s), 0 left on base; Idaho Falls 2 - Connetquot 0
TOP OF THE 7TH
Idaho Falls Chukars batting - Pitching for Connetquot Chiefs : RHP Fernando Júlio
Batting: RHB Spencer Lyng 0-0: Ball
1-0: Called Strike
1-1: Foul Ball, location: 2F
1-2: Ball
2-2: DOUBLE (Line Drive, 8LXD)
Batting: LHB Jérôme Masson 0-0: Intentional Walk
Batting: SHB Jesús Román 0-0: Ball
1-0: Sac Bunt - play at first, batter OUT! 1-3
Spencer Lyng to third
Jérôme Masson to second
Pinch Hitting: RHB Alexandre Keeping 0-0: Intentional Walk
Pinch Hitting: RHB Scott Ramsey 0-0: Ball
1-0: Called Strike
1-1: Ball
2-1: DOUBLE (Flyball, 89XD)
Spencer Lyng scores
Jérôme Masson scores
Alexandre Keeping to third
Batting: SHB Félix Medina 0-0: Ball
1-0: Called Strike
1-1: Foul Ball, location: 2F
1-2: Ball
2-2: Foul Ball, location: 2F
2-2: Ball
3-2: TRIPLE (Line Drive, 9D)
Alexandre Keeping scores
Scott Ramsey scores
Pitching: LHP José Velasco
Batting: SHB Jorge Colón 0-0: Called Strike
0-1: Ball
1-1: Foul Ball, location: 2F
1-2: Strikes out swinging
Batting: SHB Shiki Sanu 0-0: Fly out, F7 (Line Drive, 7)
Top of the 7th over - 4 run(s), 3 hit(s), 0 error(s), 1 left on base; Idaho Falls 6 - Connetquot 0
BOTTOM OF THE 7TH
Connetquot Chiefs batting - Pitching for Idaho Falls Chukars : RHP Barney Starr
Now at SS: Alexandre Keeping
Now in CF: Ernesto Carrión
Batting: RHB Rob McGinnity 0-0: Called Strike
0-1: Ball
1-1: Ball
2-1: Foul Ball, location: 2F
2-2: Ball
3-2: Strikes out swinging
Batting: LHB Denis Jerningham 0-0: Called Strike
0-1: Ball
1-1: Ball
2-1: Ball
3-1: Called Strike
3-2: Ground out 3-1 (Groundball, 34)
Batting: RHB Alfredo Escalante 0-0: Foul Ball, location: 2F
0-1: Ball
1-1: Swinging Strike
1-2: Ball
2-2: Foul Ball, location: 2F
2-2: Foul Ball, location: 2F
2-2: Fly out, F8 (Flyball, 8LM)
Bottom of the 7th over - 0 run(s), 0 hit(s), 0 error(s), 0 left on base; Idaho Falls 6 - Connetquot 0
TOP OF THE 8TH
Idaho Falls Chukars batting - Pitching for Connetquot Chiefs : LHP José Velasco
Batting: RHB Ilkka Haapajarvi 0-0: Ball
1-0: Ground out 6-3 (Groundball, 6)
Batting: RHB Spencer Lyng 0-0: Ball
1-0: Ball
2-0: Called Strike
2-1: Ball
3-1: Base on Balls
Batting: LHB Jérôme Masson 0-0: Called Strike
0-1: Foul Ball, location: 2F
0-2: Strikes out swinging
Batting: SHB Jesús Román 0-0: Ball
Spencer Lyng is caught stealing 2nd base
Top of the 8th over - 0 run(s), 0 hit(s), 0 error(s), 0 left on base; Idaho Falls 6 - Connetquot 0
BOTTOM OF THE 8TH
Connetquot Chiefs batting - Pitching for Idaho Falls Chukars : RHP Barney Starr
Batting: RHB Júlio Flores 0-0: Called Strike
0-1: Ball
1-1: Swinging Strike
1-2: Strikes out swinging
Batting: RHB Peter Geib 0-0: Called Strike
0-1: Called Strike
0-2: Ball
1-2: Ball
2-2: Fly out, F9 (Flyball, 9LSF)
Batting: RHB Gioacchino Basaglia 0-0: Foul Ball, location: 2F
0-1: Foul Ball, location: 2F
0-2: Foul Ball, location: 2F
0-2: Foul Ball, location: 2F
0-2: Foul Ball, location: 2F
0-2: Foul Ball, location: 2F
0-2: Ball
1-2: Strikes out swinging
Bottom of the 8th over - 0 run(s), 0 hit(s), 0 error(s), 0 left on base; Idaho Falls 6 - Connetquot 0
TOP OF THE 9TH
Idaho Falls Chukars batting - Pitching for Connetquot Chiefs : LHP José Velasco
Pitching: RHP Jim Unknown
Batting: SHB Jesús Román 0-0: Ball
1-0: DOUBLE (Flyball, 78XD)
Batting: RHB Alexandre Keeping 0-0: Swinging Strike
0-1: Ball
1-1: Ground out 6-3 (Groundball, 6MD)
Jesús Román to third
Batting: SHB Ernesto Carrión 0-0: Ball
1-0: Ball
2-0: Ball
3-0: Called Strike
3-1: Foul Ball, location: 2F
3-2: Fly out, F7 (Flyball, 7LSF)
Runner from 3rd tags up, SCORES, no throw
Pinch Hitting: LHB Víctor Puente 0-0: Ball
1-0: Called Strike
1-1: Foul Ball, location: 2F
1-2: Strikes out swinging
Top of the 9th over - 1 run(s), 1 hit(s), 0 error(s), 0 left on base; Idaho Falls 7 - Connetquot 0
BOTTOM OF THE 9TH
Connetquot Chiefs batting - Pitching for Idaho Falls Chukars : RHP Barney Starr
Now at C: Jonah Cooney
Now in RF: Víctor Puente
Batting: RHB Jim Unknown 0-0: Called Strike
0-1: Foul Ball, location: 2F
0-2: Foul Ball, location: 2F
0-2: Strikes out looking
Batting: RHB Felipe Córdova 0-0: Called Strike
0-1: Ball
1-1: Fly out, F7 (Line Drive, 78M)
Batting: LHB Roberto Valle 0-0: Ball
1-0: Called Strike
1-1: Swinging Strike
1-2: Fly out, F7 (Flyball, 78M)
Bottom of the 9th over - 0 run(s), 0 hit(s), 0 error(s), 0 left on base; Idaho Falls 7 - Connetquot 0
Saturday, May 26th, 2018 - OOTP Baseball 17.12 Build 75